 Dungeon Crawl Stone Soup version 0.27.1-2-g3b301248ec (webtiles) character file.

Game seed: 6039622598316405529

12247 pkoi the Grappler (level 11, -18/101 HPs)
             Began as a Troll Monk on Sept 26, 2021.
             Was a Priest of Makhleb.
             Killed from afar by a hell hog (31 damage)
             ... with a fireball
             ... in a Gauntlet.
             The game lasted 00:14:57 (9837 turns).

pkoi the Grappler (Troll Monk)                      Turns: 9837, Time: 00:14:57

Health: -18/101    AC: 10    Str: 24    XL:     11   Next: 59%
Magic:  16/16      EV: 12    Int:  6    God:    Makhleb [***...]
Gold:   477        SH:  5    Dex: 12    Spells: 10/10 levels left

rFire    . . .     SeeInvis .     - Unarmed
rCold    . . .     Faith    .   (no shield)
rNeg     . . .     Spirit   .   d - +0 steam dragon scales
rPois    .         Reflect  +   (helmet restricted)
rElec    .         Harm     .   p - +2 cloak {Stlth+}
rCorr    .         Rampage  .   (gloves unavailable)
Will     .....     NoTele   +   (boots unavailable)
Stlth    +++.......             a - amulet of reflection
HPRegen  1.26/turn              u - ring of wizardry
MPRegen  0.15/turn              (no ring)

@: hasted and slowed
A: large, unfitting armour, claws 3, regeneration 1, shaggy fur 1, tough skin 1
a: Renounce Religion, Minor Destruction, Lesser Servant of Makhleb


You were in a Gauntlet.
You worshipped Makhleb.
Makhleb was most pleased with you.
You visited 3 branches of the dungeon, and saw 12 of its levels.
You also visited: Gauntlet.

You collected 477 gold pieces.

Inventory:

Missiles
 b - 3 boomerangs
 k - 18 poisoned darts (quivered)
 m - 11 javelins
Armour
 d - +0 steam dragon scales (worn)
 p - a +2 cloak of stealth (worn)
Jewellery
 a - an amulet of reflection (around neck)
 u - a ring of wizardry (left claw)
Wands
 c - a wand of charming (19)
 e - a wand of flame (20)
 h - a wand of digging (3)
 t - a wand of mindburst (9)
 w - a wand of paralysis (9)
 x - a wand of polymorph (13)
Scrolls
 g - 3 scrolls of teleportation
 l - 2 scrolls of enchant weapon
 s - a scroll of enchant armour
Potions
 f - 2 potions of flight
 i - 5 potions of curing
 j - 2 potions of resistance
 q - a potion of heal wounds
 r - a potion of ambrosia
 v - a potion of magic


   Skills:
 + Level 4.9 Fighting
 - Level 3.1 Armour
 + Level 6.2 Dodging
 - Level 1.0 Stealth
 * Level 12.0 Unarmed Combat
 * Level 8.8 Invocations
 - Level 3.8 Evocations


You had 10 spell levels left.
You didn't know any spells.
Your spell library contained the following spells:

 Spells                   Type           Power      Damage    Failure   Level
 Magic Dart               Conj           0%         1d3       21%         1
 Call Imp                 Summ           0%         N/A       28%         2
 Static Discharge         Conj/Air       0%         N/A       28%         2
 Gell's Gravitas          Tloc           0%         N/A       50%         3
 Lesser Beckoning         Tloc           0%         N/A       50%         3
 Mephitic Cloud           Conj/Pois/Air  0%         N/A       50%         3
 Teleport Other           Tloc           0%         N/A       50%         3
 Lightning Bolt           Conj/Air       0%         1d11      99%         5
 Dispersal                Tloc           0%         N/A       100%        6
 Maxwell's Capacitive Co  Air            0%         ∞         100%        8


Dungeon Overview and Level Annotations

Branches:
Dungeon (9/15)             Temple (1/1) D:5            Lair (2/6) D:8
 Spider (0/4) Lair:2      Gauntlet (1/1)
  Swamp: Lair:2-4    Shoals: Lair:2-4       Orc: D:9-12

Altars:
Ashenzari
Cheibriados
Dithmenos
Elyvilon
Fedhas
Gozag
Hepliaklqana
Kikubaaqudgha
Makhleb
Nemelex Xobeh
Okawaru
Qazlal
Ru
Sif Muna
Trog
Uskayaw
Vehumet
Wu Jian
Xom
Yredelemnul
Zin
The Shining One

Shops:
D:5 =

Annotations:
D:8 3 runed translucent doors, cahman's ghost, novice HOMo
Lair:1 exclusion: 2 oklob plants Gauntlet 11 transporters, 5 runed translucent doors, exclusion: ice statue


Innate Abilities, Weirdness & Mutations

You are too large for most types of armour.
You have claws for hands.
Your natural rate of healing is unusually fast.
You are covered in fur. (AC +1)
You have tough skin. (AC +1)


Message History

You block the fire bat's attack.
You mangle the fire bat!!
You kill the fire bat!
Makhleb accepts your kill.
You feel better. The fire bat bites you.
You are engulfed in flames.
The hell hog breathes fire at you.
The fireball explodes!
The fireball engulfs the hell hound.
The hell hound completely resists.
The fireball engulfs you!
* * * LOW HITPOINT WARNING * * *
The hell hound bites you.
* * * LOW HITPOINT WARNING * * *
Unknown command.
Unknown command.
Unknown command.
You mangle the hell hound!!
The hell hound is severely wounded.
The fire bat bites you but does no damage.
You block the fire bat's attack. The hell hound bites you.
* * * LOW HITPOINT WARNING * * *
Unknown command.
You scratch the hell hog.
The hell hog is lightly wounded.
You recover from your berserk rage.
The fire bat bites you but does no damage.
The hell hog bites you!
* * * LOW HITPOINT WARNING * * *
Unknown command.
You feel yourself speed up.
The fire bat bites you but does no damage.
The hell hound breathes flames at you. The blast of flame hits you!
* * * LOW HITPOINT WARNING * * *
The blast of flame hits you!
* * * LOW HITPOINT WARNING * * *
The hell hog bites you.
* * * LOW HITPOINT WARNING * * *
The hell hound closely misses you. The fire bat barely misses you.
The hell hog breathes fire at you.
The fireball explodes!
The fireball engulfs you!!
You die...

..#############################..
#...#.©.........©.........©.#...#
§...#...........©...........#...§
##..#########################..##
#≈.........#...?©=?.h#.........≈#
###........#......P..#........###
#§#≈#≈#..#..#...#..#..#≈#≈#≈#
#######..#.........#..#######
#≈..#...b@....#..≈#
#######..#....hh...#..#######
#§#§#§#..#..#...#..#..#§#≈#§#
###...§....#.........#........###
#§§........#.........#........§§#
##..#########################.§##
≈...#...........©...........#...≈
#...#.©.........©.........©.#...#
..#############################..


You could see a hell hog (catching breath), a hell hound and a fire bat.

Vanquished Creatures
  A two-headed ogre (D:8)
  A death scarab (Gauntlet)
  Urug (Lair:2)
  A spectral catoblepas (Gauntlet)
  An elephant (Lair:1)
  Joseph (D:7)
  3 cane toads (Lair:1)
  2 komodo dragons (Lair:1)
  A rime drake (Lair:1)
  A troll (D:8)
  A hornet (D:8)
  3 blink frogs (Lair:1)
  2 dream sheep (Lair:1)
  Sigmund (D:5)
  2 spriggans (Lair:1)
  A wyvern (Lair:1)
  10 yaks
  A basilisk (Lair:1)
  A fire bat (Gauntlet)
  A steam dragon (D:6)
  Menkaure (D:4)
  Duvessa (D:7)
  An orc warrior (D:6)
  3 water moccasins
  2 ice beasts
  2 sky beasts
  4 ogres
  A black bear (D:8)
  2 necrophages
  2 centaurs (D:8)
  A wolf (D:8)
  A kobold brigand (D:8)
  6 bullfrogs
  A wyvern zombie (D:7)
  Dowan (D:7)
  A wyvern skeleton (D:7)
  4 killer bees (D:7)
  2 electric eels (D:8)
  6 wights
  A howler monkey (D:7)
  A bullfrog zombie (D:5)
  3 centaur zombies
  A jelly (D:7)
  Crazy Yiuf (D:2)
  3 orc priests
  7 hounds
  Jessica (D:3)
  Terence (D:2)
  An iguana (D:4)
  3 orc wizards
  2 killer bee zombies
  A hound zombie (D:5)
  A howler monkey skeleton (D:5)
  A howler monkey zombie (D:8)
  8 gnolls
  6 adders
  2 white imps (D:7)
  An ufetubus (D:5)
  4 dart slugs
  20 orcs
  4 endoplasms
  3 giant cockroaches
  5 goblins
  5 hobgoblins
  2 jackals (D:3)
  7 ball pythons
  6 bats
  4 frilled lizards
  7 kobolds
  2 rats
192 creatures vanquished.

Vanquished Creatures (collateral kills)
  A yak (Lair:1)
  2 hounds (D:8)
3 creatures vanquished.

Vanquished Creatures (others)
  20 demonic plants (Gauntlet)
  3 fungi
  50 plants (Lair:1)
  A withered plant (Gauntlet)
74 creatures vanquished.

Grand Total: 269 creatures vanquished

Notes
Turn   | Place    | Note
-------+----------+-------------------------------------------
     0 | D:1      | pkoi the Troll Monk began the quest for the Orb.
     0 | D:1      | Reached XP level 1. HP: 22/22 MP: 0/0
    68 | D:1      | Reached XP level 2. HP: 29/29 MP: 1/1
   733 | D:2      | Reached skill level 4 in Unarmed Combat
   976 | D:2      | Found a faded altar of an unknown god.
   990 | D:2      | Reached XP level 3. HP: 36/36 MP: 2/2
  1072 | D:2      | Noticed Terence
  1088 | D:2      | Killed Terence
  1089 | D:2      | Reached XP level 4. HP: 28/44 MP: 3/3
  1120 | D:2      | Reached skill level 5 in Unarmed Combat
  1522 | D:2      | Found a runed translucent door.
  1523 | D:2      | Noticed Crazy Yiuf
  2168 | D:3      | Noticed Jessica
  2174 | D:3      | Found a shimmering blue altar of Sif Muna.
  2208 | D:3      | Killed Jessica
  2412 | D:4      | Reached XP level 5. HP: 18/50 MP: 4/4
  2528 | D:4      | Reached skill level 1 in Evocations
  2713 | D:4      | Noticed Menkaure
  2728 | D:5      | Entered Level 5 of the Dungeon
  2805 | D:4      | Reached skill level 6 in Unarmed Combat
  2865 | D:4      | Found a hide-covered altar of Uskayaw.
  2865 | D:4      | Found a glowing golden altar of the Shining One.
  3063 | D:5      | Noticed Sigmund
  3063 | D:5      | Noticed an ogre
  3067 | D:5      | Killed Sigmund
  3068 | D:5      | Reached XP level 6. HP: 59/59 MP: 5/5
  3070 | D:5      | Reached skill level 7 in Unarmed Combat
  3283 | D:5      | Reached XP level 7. HP: 42/66 MP: 6/6
  3492 | D:5      | Found Xemyarexzu's Jewellery Shoppe.
  3551 | D:5      | Found a staircase to the Ecumenical Temple.
  3557 | Temple   | Entered the Ecumenical Temple
  3811 | Temple   | Became a worshipper of Makhleb the Destroyer
  3811 | Temple   | Reached * piety under Makhleb
  3811 | Temple   | Reached ** piety under Makhleb
  3895 | D:5      | Reached skill level 1 in Invocations
  4239 | D:6      | Reached skill level 8 in Unarmed Combat
  4340 | D:6      | Noticed a steam dragon
  4351 | D:6      | Killed a steam dragon
  4352 | D:6      | Reached XP level 8. HP: 29/74 MP: 8/8
  4498 | D:6      | Found a sparkling altar of Nemelex Xobeh.
  5170 | D:7      | Reached skill level 1 in Armour
  5207 | D:7      | Noticed Joseph
  5223 | D:7      | HP: 3/75 [Joseph/sling bullet (10)]
  5540 | D:2      | Killed Crazy Yiuf
  5805 | D:4      | Killed Menkaure
  5942 | D:7      | Reached skill level 9 in Unarmed Combat
  5972 | D:7      | Killed Joseph
  5973 | D:7      | Reached XP level 9. HP: 31/84 MP: 11/11
  6211 | D:7      | Noticed Dowan
  6212 | D:7      | Noticed Duvessa
  6221 | D:7      | Killed Duvessa
  6223 | D:7      | Killed Dowan
  6665 | D:7      | Reached skill level 5 in Invocations
  6739 | D:7      | Reached *** piety under Makhleb
  6799 | D:7      | Noticed a komodo dragon
  6799 | D:7      | Noticed a troll
  6799 | D:7      | Noticed a five-headed hydra
  6799 | D:7      | Noticed a four-headed hydra
  6800 | D:7      | Noticed a cyclops
  6935 | D:8      | Noticed a two-headed ogre
  7147 | D:8      | Noticed a two-headed ogre
  7168 | D:8      | Reached skill level 10 in Unarmed Combat
  7174 | D:8      | Reached XP level 10. HP: 65/94 MP: 13/13
  7211 | D:8      | Killed a two-headed ogre
  7407 | D:8      | Found a staircase to the Lair.
  7501 | D:8      | Reached skill level 5 in Dodging
  7520 | D:8      | Found a runed translucent gate.
  7520 | D:8      | Found a runed translucent gate.
  7520 | D:8      | Found a runed translucent gate.
  7598 | D:8      | Identified a scroll of acquirement
  7600 | D:8      | Acquired a +2 cloak of stealth
  7655 | D:8      | Noticed cahman's ghost (novice HOMo)
  7817 | D:8      | Paralysed by a hornet for 2 turns
  7973 | D:9      | Noticed a five-headed hydra
  8085 | Lair:1   | Entered Level 1 of the Lair of Beasts
  8149 | Lair:1   | Noticed a cane toad
  8156 | Lair:1   | Killed a cane toad
  8348 | Lair:1   | Reached skill level 11 in Unarmed Combat
  8377 | Lair:1   | Noticed an elephant
  8387 | Lair:1   | Killed an elephant
  8398 | Lair:1   | Found a hide-covered altar of Uskayaw.
  8466 | Lair:1   | Noticed a cane toad
  8475 | Lair:1   | Killed a cane toad
  8644 | Lair:1   | Reached XP level 11. HP: 96/101 MP: 15/15
  9223 | Lair:1   | Noticed an oklob plant
  9224 | Lair:1   | Noticed an oklob plant
  9582 | Lair:2   | Noticed Urug
  9603 | Lair:2   | Killed Urug
  9622 | Lair:2   | Found a gate leading to a gauntlet.
  9625 | Gauntlet | Entered a Gauntlet
  9625 | Gauntlet | Found a transporter.
  9625 | Gauntlet | Found a transporter.
  9626 | Gauntlet | Noticed a death scarab
  9636 | Gauntlet | Found a transporter.
  9639 | Gauntlet | Found a transporter.
  9639 | Gauntlet | Found a transporter.
  9642 | Gauntlet | Found a transporter.
  9672 | Gauntlet | Noticed a hell hog
  9673 | Gauntlet | Found a transporter.
  9675 | Gauntlet | Found a transporter.
  9675 | Gauntlet | Found a transporter.
  9677 | Gauntlet | Noticed a wizard
  9684 | Gauntlet | Noticed a wizard
  9685 | Gauntlet | Found a runed translucent gate.
  9685 | Gauntlet | Found a runed translucent gate.
  9685 | Gauntlet | Found a runed translucent gate.
  9687 | Gauntlet | Found a transporter.
  9700 | Gauntlet | Noticed a glowing orange brain
  9702 | Gauntlet | Found a runed translucent door.
  9703 | Gauntlet | Found a transporter.
  9703 | Gauntlet | Noticed a glowing orange brain
  9704 | Gauntlet | Found a runed translucent door.
  9705 | Gauntlet | Noticed a white ugly thing
  9713 | Gauntlet | Found a transporter.
  9727 | Gauntlet | Found a transporter.
  9747 | Gauntlet | Found a transporter.
  9794 | Gauntlet | Killed a death scarab
  9811 | Gauntlet | Reached skill level 12 in Unarmed Combat
  9822 | Gauntlet | Acquired an amulet of reflection
  9837 | Gauntlet | Killed from afar by a hell hog

Illustrated notes

Levels and vault maps discovered:
D:1:      amcnicky_arrival_abandoned_market, layout_loops_ring,
          minmay_indecisive_spiral
D:2:      layout_basic, ebering_ecumenical_altar_mist, uniq_terence,
          uniq_crazy_yiuf_cottage
D:3:      layout_basic, tgw_sif
D:4:      layout_loops_cross, gammafunk_temple_overflow_wave, uniq_menkaure
D:5:      layout_loops_ring, temple_green, serial_shops, kennysheep_mini_moat,
          chequers_mini_garden, dk_noncrumbling_4, uniq_sigmund
D:6:      layout_gridville, nemelex_xobeh_ov_fountains_minmay
D:7:      minmay_the_grid_triangle_9x9_rhombus_thin
          [minmay_the_grid_triangle_9x9_skeleton,
          minmay_the_grid_triangle_9x9_prize_center,
          minmay_the_grid_triangle_9x9_longest,
          minmay_the_grid_triangle_9x9_cache], layout_basic,
          kennysheep_generic_room_11, uniq_duvessa, uniq_joseph
D:8:      layout_basic, erik_lair_island, gammafunk_ghost_spectres,
          minmay_fractal_squares_5
D:9:      layout_roguey, kennysheep_generic_room_14, uniq_maggie
Temple:   hc_temple_tempest_star
Lair:1:   wad_woods_stonehenge, layout_layer_cave, minmay_lair_oklob_chamber
Lair:2:   layout_cave_shapes, nicolae_spider_entry_orb_guardian,
          gauntlet_entry_generic, serial_bayou_crossing, uniq_urug
Gauntlet: gammafunk_gauntlet_mixed_choke_point [minmay_gauntlet_arena_77_fan,
          minmay_gauntlet_arena_77_two_paths, minmay_gauntlet_arena_77_squiggly,
          gammafunk_gauntlet_arena_hedges,
          minmay_gauntlet_arena_77_terracotta_army,
          minmay_gauntlet_arena_77_cramped, minmay_gauntlet_arena_77_run_for_it,
          gauntlet_exit_hidden_loot]

Skill      XL: |  1  2  3  4  5  6  7  8  9 10 11 |
---------------+----------------------------------+-----
Unarmed Combat | 4 5 6 7 8 9 10 11 12 | 12.0
Evocations     | 2 3 |  3.8
Invocations    | 2 4 5 7 8 |  8.8
Fighting       | 3 4 |  4.9
Dodging        | 3 4 5 6 |  6.2
Armour         | 2 3 |  3.1
Stealth        | |  1.0

Action                   |  1- 3 |  4- 6 |  7- 9 | 10-12 || total
-------------------------+-------+-------+-------+-------++-------
Melee: Unarmed           |    62 |   109 |   272 |   221 ||   664
       Punch             |       |     2 |     5 |    16 ||    23
Invok: Lesser Servant of |       |       |     2 |     1 ||     3
Evoke: Wand              |       |       |       |    13 ||    13
  Use: Scroll            |       |    14 |     4 |    11 ||    29
       Potion            |       |       |     2 |     2 ||     4
 Stab: Sleeping          |     1 |       |     3 |     3 ||     7
       Distracted        |       |     1 |     1 |     2 ||     4
Armor: Robe              |    31 |    31 |    21 |       ||    83
       Steam dragon scal |       |       |    38 |    56 ||    94
Dodge: Dodged            |    43 |    59 |   106 |   112 ||   320
Block: Other             |       |       |       |     2 ||     2
